[Event "Titled Tuesday Blitz November 16 2021"]
[White "Maly, Alexey"]
[Black "Matinian, Nikita"]
[WhiteFideId "14103184"]
[BlackFideId "24129100"]
[WhiteElo "2294"]
[BlackElo "2422"]
[Result "1/2-1/2"]
[Round "08"]
[TimeControl "180+1"]
[Date "2021.11.16"]
[WhiteClock "0:00:31"]
[BlackClock "0:00:22"]

1. d4 Nf6 2. c4 e6 3. Nf3 Bb4+ 4. Nbd2 b6 5. g3 Bb7 6. Bg2 O-O 7. O-O a5 8. b3 a4 9. Rb1 axb3 10. axb3 Nc6 11. Bb2 Ra2 12. Qc2 Qe7 13. Ra1 Rfa8 14. Rxa2 Rxa2 15. Ra1 Rxa1+ 16. Bxa1 Na5 17. Bc3 Bxc3 18. Qxc3 Qa3 19. Ne1 Bxg2 20. Kxg2 c5 21. Nc2 Qa2 22. b4 cxb4 23. Nxb4 Qa4 24. Nd3 h6 25. e4 Qc6 26. f3 d5 27. exd5 Nxd5 28. Qc1 Nxc4 29. Nxc4 Qxc4 30. Qxc4 Ne3+ 31. Kf2 Nxc4 32. Ke2 Kf8 33. h4 Ke7 34. Nf4 Kd6 35. Kd3 b5 36. Nh5 g6 37. Nf6 h5 38. g4 hxg4 39. fxg4 Ke7 40. g5 Nd6 41. h5 gxh5 42. Nxh5 Nf5 43. Nf4 Nh4 44. Ke4 Kd6 45. Nd3 Ng6 46. Nb4 Ne7 47. Nc2 Nc6 48. Na3 b4 49. Nc4+ Kd7 50. d5 exd5+ 51. Kxd5 b3 52. Kc5 Nd8 53. Kb4 Ke6 54. Kxb3 Kf5 55. Nd6+ Kxg5 56. Nxf7+ 1/2-1/2


[Site "https://www.chess.com"]

[Event "Titled Tuesday Blitz November 16 2021"]
[White "Paravyan, David"]
[Black "Yoo, Christopher Woojin"]
[WhiteFideId "4194985"]
[BlackFideId "30909694"]
[WhiteElo "2639"]
[BlackElo "2105"]
[Result "0-1"]
[Round "08"]
[TimeControl "180+1"]
[Date "2021.11.16"]
[WhiteClock "0:00:03"]
[BlackClock "0:00:04"]

1. e4 c5 2. Nf3 Nc6 3. Nc3 e6 4. d4 cxd4 5. Nxd4 Nf6 6. Nxc6 bxc6 7. Bd3 d5 8. O-O Bd6 9. exd5 cxd5 10. Nb5 Bb8 11. c4 O-O 12. Bg5 h6 13. Bh4 a6 14. Nc3 dxc4 15. Qf3 cxd3 16. Qxa8 Bxh2+ 17. Kh1 Be5 18. Rad1 Qd4 19. f4 Bxf4 20. Qf3 Be5 21. Bf2 Qb4 22. Qxd3 Qxb2 23. Ne4 Nd5 24. Rb1 Qxa2 25. Bc5 Rd8 26. Qf3 f5 27. Ng3 Qc4 28. Bf2 Nf4 29. Rbc1 Qd3 30. Rfd1 Qxf3 31. Rxd8+ Kh7 32. gxf3 Bb7 33. Kg1 Bxf3 34. Rcc8 h5 35. Rh8+ Kg6 36. Be3 Nh3+ 37. Kh2 Bg4 38. Kg2 f4 39. Nf1 fxe3 40. Nxe3 Nf4+ 41. Kf2 Bd4 42. Rc4 e5 43. Rxd4 exd4 44. Nxg4 hxg4 45. Rd8 Ne6 46. Rd6 Kf5 47. Rxa6 g5 48. Rd6 Ke5 49. Rd7 Nc5 50. Rg7 Ne4+ 51. Ke2 Kf4 52. Rf7+ Ke5 53. Rg7 Ng3+ 54. Kd3 Kf4 55. Ra7 Nf5 56. Ra1 g3 57. Rf1+ Kg4 58. Ke4 g2 59. Rg1 Nh4 0-1


[Site "https://www.chess.com"]

[Event "Titled Tuesday Blitz November 16 2021"]
[White "Pichot, Alan"]
[Black "Shkapenko, Pavel"]
[WhiteFideId "110973"]
[BlackFideId "4151933"]
[WhiteElo "2600"]
[BlackElo "2386"]
[Result "1-0"]
[Round "08"]
[TimeControl "180+1"]
[Date "2021.11.16"]
[WhiteClock "0:00:16"]
[BlackClock "0:00:11"]

1. e4 e5 2. Nf3 Nc6 3. Bb5 Bc5 4. O-O d6 5. c3 Bd7 6. d4 Bb6 7. a4 a6 8. Bxc6 Bxc6 9. a5 Ba7 10. dxe5 dxe5 11. Qe2 Qe7 12. c4 Nf6 13. Nc3 O-O 14. Bg5 h6 15. Bh4 Qe6 16. Nd5 Ne8 17. Rfd1 f6 18. b4 Rf7 19. Ne1 Nd6 20. Kh1 Bd4 21. Rac1 f5 22. f3 fxe4 23. fxe4 Nxe4 24. Nf3 Qf5 25. Rf1 Qg6 26. Nxd4 exd4 27. Rxf7 Kxf7 28. Rf1+ Nf6 29. Bxf6 gxf6 30. Rxf6+ Qxf6 31. Nxf6 Kxf6 32. Qd2 Re8 33. Qxd4+ Kf7 34. Qf4+ Kg8 35. h3 Re7 36. Qxh6 Rg7 37. Qe6+ Kh7 38. Qf5+ Kh6 39. Qf4+ Kh7 40. Qh4+ Kg8 41. Qf2 Kh7 42. Kh2 Rxg2+ 43. Qxg2 Bxg2 44. Kxg2 Kg6 45. Kf3 Kf5 46. h4 b6 47. h5 Kg5 48. Ke4 Kxh5 49. Kd5 bxa5 50. bxa5 Kg5 51. Kc6 Kf5 52. Kxc7 Ke5 53. Kb6 Kd4 54. c5 Kd5 55. c6 Kd6 56. c7 Kd7 57. Kb7 1-0


[Site "https://www.chess.com"]

[Event "Titled Tuesday Blitz November 16 2021"]
[White "Pranav, V"]
[Black "Andreikin, Dmitry"]
[WhiteFideId "25060783"]
[BlackFideId "4158814"]
[WhiteElo "2351"]
[BlackElo "2736"]
[Result "0-1"]
[Round "08"]
[TimeControl "180+1"]
[Date "2021.11.16"]
[WhiteClock "0:00:01"]
[BlackClock "0:00:29"]

1. e4 e5 2. Nf3 Nc6 3. Nc3 Nf6 4. g3 g6 5. Bg2 Bg7 6. d4 exd4 7. Nxd4 O-O 8. O-O Nxd4 9. Qxd4 d6 10. Qd3 Be6 11. Rd1 Qc8 12. Bg5 h6 13. Bf4 Bh3 14. e5 dxe5 15. Bxe5 Bxg2 16. Kxg2 Re8 17. Re1 c6 18. Qf3 Qg4 19. Rad1 Qxf3+ 20. Kxf3 Rad8 21. Rxd8 Rxd8 22. Rd1 Re8 23. Bd4 a6 24. Na4 Rd8 25. Rd3 Rd5 26. c4 Rf5+ 27. Kg2 b5 28. cxb5 cxb5 29. Nc3 Ng4 30. Bxg7 Rxf2+ 31. Kg1 Kxg7 32. Rd4 Rxh2 33. Rxg4 Rxb2 34. Rd4 a5 35. a4 b4 36. Ne4 Rc2 37. Rd2 b3 38. Rd1 b2 39. Rf1 f5 40. Nd6 Rc1 0-1


[Site "https://www.chess.com"]

[Event "Titled Tuesday Blitz November 16 2021"]
[White "Rozman, Levy"]
[Black "Kislov, Oleg"]
[WhiteFideId "2039877"]
[BlackFideId "13503774"]
[WhiteElo "2376"]
[BlackElo "2252"]
[Result "1-0"]
[Round "08"]
[TimeControl "180+1"]
[Date "2021.11.16"]
[WhiteClock "0:01:24"]
[BlackClock "0:00:34"]

1. d4 Nf6 2. c4 e6 3. Nf3 d5 4. Nc3 Bb4 5. Qa4+ Nc6 6. a3 Bxc3+ 7. bxc3 Bd7 8. Qc2 dxc4 9. e4 Na5 10. Bg5 h6 11. Bh4 Bc6 12. e5 g5 13. Nxg5 hxg5 14. Bxg5 Qd5 15. Bxf6 Rh6 16. f3 Nb3 17. Rb1 Ba4 18. Qe4 Qa5 19. Qe3 Rxf6 20. exf6 O-O-O 21. Kf2 Bb5 22. h4 Qxa3 23. Be2 a5 24. h5 a4 25. h6 Qf8 26. h7 Qh8 27. Qg5 a3 28. Qxb5 a2 29. Rxb3 cxb3 30. Qxb3 Qxf6 31. Qxa2 c5 32. Qa8+ Kc7 33. Qxd8+ Qxd8 34. h8=Q 1-0


[Site "https://www.chess.com"]

[Event "Titled Tuesday Blitz November 16 2021"]
[White "Rustemov, Alexander"]
[Black "Gurvich, Vitaly"]
[WhiteFideId "4119002"]
[BlackFideId "24164852"]
[WhiteElo "2762"]
[BlackElo "2275"]
[Result "1/2-1/2"]
[Round "08"]
[TimeControl "180+1"]
[Date "2021.11.16"]
[WhiteClock "0:00:02"]
[BlackClock "0:01:02"]

1. d4 Nf6 2. c4 c5 3. d5 b5 4. Nf3 g6 5. cxb5 Bg7 6. Nc3 a6 7. e3 axb5 8. Bxb5 O-O 9. O-O d6 10. a4 Na6 11. e4 Nb4 12. h3 Ba6 13. Bf4 Nd7 14. Qd2 Re8 15. Rfe1 Qc7 16. Rad1 Reb8 17. Qe2 Bxb5 18. axb5 c4 19. Be3 Nd3 20. Rf1 Bxc3 21. bxc3 Rxb5 22. Rb1 Rba5 23. Nd4 N7c5 24. Nc6 Ra2 25. Qf3 Nb3 26. Rfd1 f6 27. Rxd3 cxd3 28. Rxb3 d2 29. Rb1 Ra1 30. Rd1 Qb7 31. Bxd2 Qb2 32. Nxe7+ Kf7 33. Kh2 Kxe7 34. Qg4 Rxd1 35. Qe6+ Kd8 36. Qxd6+ Ke8 37. Qe6+ Kd8 38. Qxf6+ Ke8 39. Qe6+ Kd8 40. Bg5+ Kc7 41. Qc6+ Kb8 42. Bf4+ Ka7 43. Be3+ Kb8 44. Bf4+ Ka7 45. Be3+ Kb8 46. Bf4+ 1/2-1/2


[Site "https://www.chess.com"]

[Event "Titled Tuesday Blitz November 16 2021"]
[White "Samunenkov, Ihor"]
[Black "Nesterov, Arseniy"]
[WhiteFideId "14187086"]
[BlackFideId "24198455"]
[WhiteElo "2348"]
[BlackElo "2489"]
[Result "1/2-1/2"]
[Round "08"]
[TimeControl "180+1"]
[Date "2021.11.16"]
[WhiteClock "0:00:04"]
[BlackClock "0:00:12"]

1. d4 d5 2. c4 e6 3. Nf3 Nf6 4. g3 a6 5. Bg2 dxc4 6. O-O Nc6 7. e3 Rb8 8. Qe2 b5 9. b3 cxb3 10. axb3 Bd6 11. Bb2 Bb7 12. Nbd2 O-O 13. Rfc1 Qe7 14. e4 e5 15. Rxc6 Bxc6 16. dxe5 Bxe5 17. Nxe5 Bb7 18. Nd3 Rfe8 19. e5 Bxg2 20. Kxg2 Nd5 21. Ne4 Ra8 22. Nec5 a5 23. Qe4 c6 24. Bd4 h6 25. Nf4 Nxf4+ 26. Qxf4 Red8 27. Qe3 Rd5 28. Ne4 a4 29. bxa4 bxa4 30. Nd6 a3 31. Bc3 a2 32. Qb6 Rxe5 33. Qxc6 Rd8 34. Bxe5 Qxe5 35. Rxa2 Rxd6 36. Qc8+ Kh7 37. Qc2+ g6 38. Qe2 Qd5+ 39. Kg1 Re6 40. Qd2 Qf3 41. Ra1 h5 42. h4 Re2 43. Qd4 Re4 44. Qd2 Qf6 45. Rf1 Rd4 46. Qe3 Kg7 47. Kg2 Qc6+ 48. Qf3 Qd6 49. Re1 Rd5 50. Re2 Rf5 51. Qc3+ Qf6 52. Qe3 Qc6+ 53. Qe4 Qc5 54. Qe3 Qd5+ 55. Qe4 Qd6 56. Qe3 Rf6 57. Qe4 Qc5 58. Qe3 Qf5 59. Qe4 Qxe4+ 60. Rxe4 Rf5 1/2-1/2


[Site "https://www.chess.com"]

[Event "Titled Tuesday Blitz November 16 2021"]
[White "Sarana, Alexey"]
[Black "Antipov, Mikhail Al."]
[WhiteFideId "24133795"]
[BlackFideId "4107012"]
[WhiteElo "2689"]
[BlackElo "2587"]
[Result "1-0"]
[Round "08"]
[TimeControl "180+1"]
[Date "2021.11.16"]
[WhiteClock "0:00:19"]
[BlackClock "0:00:02"]

1. d4 Nf6 2. c4 g6 3. Nc3 d5 4. cxd5 Nxd5 5. e4 Nxc3 6. bxc3 Bg7 7. Nf3 c5 8. Bb5+ Nc6 9. O-O O-O 10. Bxc6 bxc6 11. Qc2 Qa5 12. a4 Bg4 13. Ne5 Bc8 14. Nxc6 Qc7 15. d5 Bb7 16. Bg5 Bxc6 17. dxc6 h6 18. Bh4 Qxc6 19. Rab1 c4 20. Rfd1 Rfd8 21. Bxe7 Re8 22. Bb4 a5 23. Bd6 Rxe4 24. Rb5 Qxd6 25. f3 Qa3 26. Qxe4 Rc8 27. Rb7 Bxc3 28. Rxf7 Qc5+ 29. Kf1 Kxf7 30. Rd7+ Kf6 31. g4 1-0


[Site "https://www.chess.com"]

[Event "Titled Tuesday Blitz November 16 2021"]
[White "Shubin, Kirill"]
[Black "Sadhwani, Raunak"]
[WhiteFideId "34119962"]
[BlackFideId "35093487"]
[WhiteElo "2501"]
[BlackElo "2517"]
[Result "0-1"]
[Round "08"]
[TimeControl "180+1"]
[Date "2021.11.16"]
[WhiteClock "0:00:18"]
[BlackClock "0:00:25"]

1. e4 e5 2. Nf3 Nc6 3. Bb5 Nge7 4. O-O Ng6 5. c3 a6 6. Ba4 d5 7. exd5 Qxd5 8. d4 Bg4 9. Re1 O-O-O 10. Bxc6 Qxc6 11. Nbd2 exd4 12. Nxd4 Rxd4 13. f3 Rxd2 14. Bxd2 Bc5+ 15. Be3 Rd8 16. Qc2 Be6 17. Qf2 Ne5 18. Rad1 Rxd1 19. Rxd1 Bxe3 20. Qxe3 Nc4 21. Qd4 Qb6 22. b3 Qxd4+ 23. Rxd4 Nd6 24. g4 Kd7 25. Kf2 c5 26. Rd2 Kc6 27. Ke3 b5 28. Kf4 f6 29. g5 a5 30. h4 a4 31. b4 a3 32. h5 fxg5+ 33. Kxg5 Bf7 34. Rg2 h6+ 35. Kf4 Bxh5 36. Rxg7 Bf7 37. Rg2 Bd5 38. Rh2 h5 39. Ke3 h4 40. Kf4 h3 41. Kg3 Be6 42. Kf4 Kd5 43. Rd2+ Kc6 44. Re2 Bc4 45. Rh2 cxb4 46. cxb4 Kd5 47. Rd2+ Ke6 48. Kg5 Nf5 49. Kf4 Ne7 50. Rh2 Nd5+ 51. Ke4 Nxb4 52. Kd4 Nxa2 53. Rxh3 Nb4 54. Rh6+ Kf5 55. Kc3 a2 56. Rh1 Nd5+ 57. Kd4 Nf4 58. Ra1 Ne6+ 59. Kc3 Nc5 60. Kb4 Nd3+ 61. Ka5 Kf4 62. Rxa2 Bxa2 63. Kxb5 Kxf3 64. Kb6 Ke4 65. Kc7 Kd4 66. Kd6 Bd5 67. Ke7 Ne5 68. Kf6 Nc4 69. Kg5 Ke5 70. Kg4 Be4 71. Kg3 Ne3 72. Kf2 Nf5 73. Ke2 Kd4 74. Kd2 Bd3 75. Ke1 Ke3 76. Kd1 Nd6 77. Kc1 Nc4 78. Kd1 Kd4 79. Kc1 Kc3 80. Kd1 Nb2+ 81. Kc1 Bc4 82. Kb1 Nd3 83. Ka1 Nb4 84. Kb1 Nc2 85. Kc1 Ba2 86. Kd1 Nd4 87. Kc1 Ne2+ 88. Kd1 Kd3 89. Ke1 Ke3 90. Kd1 Bb3+ 91. Ke1 Nf4 92. Kf1 Ba4 93. Ke1 Nd3+ 94. Kf1 Bc6 95. Kg1 Bd7 96. Kf1 Bg4 97. Kg2 Kf4 98. Kf1 Kg3 99. Kg1 Be2 100. Kh1 Nf2+ 101. Kg1 Nh3+ 102. Kh1 Bf3# 0-1


[Site "https://www.chess.com"]

[Event "Titled Tuesday Blitz November 16 2021"]
[White "Sjugirov, Sanan"]
[Black "Kryakvin, Dmitry"]
[WhiteFideId "4189302"]
[BlackFideId "4153278"]
[WhiteElo "2653"]
[BlackElo "2372"]
[Result "1-0"]
[Round "08"]
[TimeControl "180+1"]
[Date "2021.11.16"]
[WhiteClock "0:00:04"]
[BlackClock "0:00:07"]

1. e4 c5 2. Nf3 d6 3. Bb5+ Bd7 4. Bxd7+ Qxd7 5. O-O Nf6 6. Qe2 Nc6 7. c3 e6 8. d4 cxd4 9. cxd4 d5 10. e5 Ne4 11. Nbd2 Nxd2 12. Bxd2 Be7 13. g3 Rc8 14. Kg2 O-O 15. h4 f6 16. exf6 Bxf6 17. Bc3 Ne7 18. Rfe1 Rc6 19. Bb4 Rf7 20. Bxe7 Qxe7 21. Qd3 Qb4 22. Re2 Qc4 23. Qe3 h6 24. b3 Qc3 25. Rae1 Qxe3 26. Rxe3 Rc2 27. R1e2 Rxe2 28. Rxe2 Re7 29. Rc2 Kf7 30. g4 g5 31. h5 e5 32. dxe5 Bxe5 33. Rc5 Ke6 34. Rc8 Bg7 35. Kf1 Kd6 36. Ne1 Re4 37. f3 Re3 38. Rg8 Bc3 39. Rg6+ Ke5 40. Nc2 Rxf3+ 41. Ke2 Rg3 42. Ne3 d4 43. Nc4+ Kf4 44. Rf6+ Kxg4 45. Rxh6 d3+ 46. Kf2 Bd4+ 47. Ke1 Rg2 48. Kd1 Bc3 49. Ne3+ Kf3 50. Nxg2 Kxg2 51. Rg6 1-0


[Site "https://www.chess.com"]

[Event "Titled Tuesday Blitz November 16 2021"]
[White "Svidler, Peter"]
[Black "Ahmadzada, Ahmad"]
[WhiteFideId "4102142"]
[BlackFideId "13413007"]
[WhiteElo "2709"]
[BlackElo "2226"]
[Result "1/2-1/2"]
[Round "08"]
[TimeControl "180+1"]
[Date "2021.11.16"]
[WhiteClock "0:00:57"]
[BlackClock "0:00:08"]

1. e4 e5 2. Nf3 Nf6 3. d3 Nc6 4. Be2 Bc5 5. O-O O-O 6. Nbd2 d6 7. c3 a6 8. b4 Ba7 9. Qc2 Ne7 10. Re1 Ng6 11. Nf1 h6 12. Ng3 Nf4 13. Bf1 Bg4 14. Qd1 N6h5 15. Nxh5 Bxh5 16. Bxf4 exf4 17. d4 g5 18. h3 Qf6 19. Qd3 Rfe8 20. e5 Qg7 21. exd6 cxd6 22. Nd2 d5 23. Qf5 Red8 24. Re7 Bg6 25. Qg4 Qf6 26. Rae1 Qc6 27. h4 Qxc3 28. Nf3 f5 29. R1e6 fxg4 30. Rxg6+ Kf8 31. Rgg7 gxf3 32. Ref7+ Ke8 33. Re7+ Kf8 34. Ref7+ Ke8 35. Re7+ Kf8 1/2-1/2


[Site "https://www.chess.com"]

[Event "Titled Tuesday Blitz November 16 2021"]
[White "Tabatabaei, M. Amin"]
[Black "Saydaliev, Saidakbar"]
[WhiteFideId "12521213"]
[BlackFideId "14203693"]
[WhiteElo "2555"]
[BlackElo "2335"]
[Result "1/2-1/2"]
[Round "08"]
[TimeControl "180+1"]
[Date "2021.11.16"]
[WhiteClock "0:01:11"]
[BlackClock "0:00:57"]

1. e4 e5 2. Nf3 Nc6 3. Bb5 a6 4. Ba4 Nf6 5. O-O Be7 6. Re1 b5 7. Bb3 d6 8. c3 O-O 9. h3 Bb7 10. d3 h6 11. Nbd2 Na5 12. Bc2 c5 13. Nf1 Qc7 14. Ng3 Rfe8 15. Nh2 Rad8 16. Qf3 d5 17. Nf5 c4 18. Bxh6 cxd3 19. Qxd3 dxe4 20. Qg3 g6 21. Nxe7+ Rxe7 22. Bg5 Re6 23. Qh4 Rdd6 24. Bxf6 Rxf6 25. Bxe4 Rf4 26. Ng4 Bxe4 27. g3 Rxg4 28. hxg4 Bb7 29. Rxe5 Qc6 1/2-1/2


[Site "https://www.chess.com"]

[Event "Titled Tuesday Blitz November 16 2021"]
[White "Tahbaz, Arash"]
[Black "Erdogdu, Mert"]
[WhiteFideId "12528846"]
[BlackFideId "6301495"]
[WhiteElo "2377"]
[BlackElo "2485"]
[Result "1-0"]
[Round "08"]
[TimeControl "180+1"]
[Date "2021.11.16"]
[WhiteClock "0:01:29"]
[BlackClock "0:00:48"]

1. d4 d5 2. Nf3 e6 3. c4 c5 4. g3 Nf6 5. Bg2 Nc6 6. O-O Be7 7. cxd5 exd5 8. dxc5 Bxc5 9. a3 Ne4 10. b4 Bb6 11. Bb2 O-O 12. Nc3 Nxc3 13. Bxc3 d4 14. Bd2 a6 15. a4 Re8 16. Re1 Bg4 17. Qb1 Qd7 18. a5 Ba7 19. b5 axb5 20. Qxb5 Rad8 21. Rac1 d3 22. exd3 Rxe1+ 23. Rxe1 h6 24. Ne5 Nxe5 25. Qxe5 Qxd3 26. Qe8+ 1-0


[Site "https://www.chess.com"]

[Event "Titled Tuesday Blitz November 16 2021"]
[White "Terry, Renato"]
[Black "Alavi, Sayed Javad"]
[WhiteFideId "3803457"]
[BlackFideId "12500607"]
[WhiteElo "2577"]
[BlackElo "2495"]
[Result "1-0"]
[Round "08"]
[TimeControl "180+1"]
[Date "2021.11.16"]
[WhiteClock "0:00:13"]
[BlackClock "0:00:04"]

1. e4 c5 2. Nf3 e6 3. Nc3 Nc6 4. Bb5 Nd4 5. O-O a6 6. Bd3 Ne7 7. Nxd4 cxd4 8. Ne2 Nc6 9. c3 Bc5 10. Kh1 O-O 11. f4 f6 12. b4 Ba7 13. a3 b5 14. c4 bxc4 15. Bxc4 Bb7 16. d3 Kh8 17. Bd2 Ne7 18. Bb3 d5 19. Ng3 Qd7 20. Qh5 Rac8 21. f5 e5 22. Rf3 Ng8 23. exd5 Bxd5 24. Bxd5 Qxd5 25. Ne4 Rc2 26. Rh3 h6 27. Rg3 Qf7 28. Qg4 Rd8 29. h3 Rd7 30. a4 Qb3 31. b5 axb5 32. axb5 Qxb5 33. Qg6 Qb2 34. Rd1 Bc5 35. Bxh6 Nxh6 36. Nxf6 gxf6 37. Qxh6+ 1-0


[Site "https://www.chess.com"]

[Event "Titled Tuesday Blitz November 16 2021"]
[White "Tologon tegin, Semetei"]
[Black "Yeletsky, Ivan"]
[WhiteFideId "13800574"]
[BlackFideId "24180327"]
[WhiteElo "2224"]
[BlackElo "2352"]
[Result "0-1"]
[Round "08"]
[TimeControl "180+1"]
[Date "2021.11.16"]
[WhiteClock "0:00:06"]
[BlackClock "0:00:03"]

1. e4 e5 2. Nf3 Nc6 3. Be2 Nf6 4. d3 d5 5. Nbd2 a5 6. O-O Bc5 7. a4 O-O 8. c3 Qe7 9. h3 Rd8 10. Qc2 h6 11. Re1 Be6 12. Nf1 dxe4 13. dxe4 Nd7 14. Ng3 Kh7 15. Bb5 g6 16. Nf1 Na7 17. Be2 Nc8 18. Ne3 Nd6 19. Ng4 Bxg4 20. hxg4 Nf6 21. Nd2 Qe6 22. g5 hxg5 23. Bd3 g4 24. Nf1 Kg7 25. Be3 Bxe3 26. Rxe3 Rh8 27. Ng3 Rh4 28. Kf1 Nh5 29. Nxh5+ Rxh5 30. Ke2 Rh2 31. Rg1 Rah8 32. Kd1 Rh1 33. Ree1 Rxg1 34. Rxg1 Qf6 35. Qd2 b6 36. Kc2 Rh2 37. Qe3 Nb7 38. Qg3 Qf4 39. b4 Nd6 40. Qxf4 exf4 41. e5 Nb7 42. Be4 Nd8 43. Kb3 f3 44. gxf3 gxf3 45. Bxf3 Rxf2 46. Bd5 Rd2 47. Kc4 Re2 48. Kd4 c6 49. Bc4 Rd2+ 50. Ke3 Rb2 51. bxa5 bxa5 52. Kd3 Ne6 53. Bxe6 fxe6 54. Rf1 Ra2 55. Rf6 Rxa4 56. Rxe6 c5 57. Rc6 g5 58. Rxc5 g4 59. c4 g3 60. Ke3 Ra3+ 61. Ke2 Kf7 62. Rc6 a4 63. Rf6+ Ke7 64. c5 Ra2+ 65. Kf3 g2 66. Rg6 a3 67. c6 Rc2 68. Rg7+ Ke6 69. c7 a2 70. Rxg2 Rc3+ 71. Ke4 a1=Q 72. c8=Q+ Rxc8 73. Rg6+ Kf7 74. Rg7+ Kxg7 0-1


[Site "https://www.chess.com"]

[Event "Titled Tuesday Blitz November 16 2021"]
[White "Triapishko, Alexandr"]
[Black "Aditya Mittal"]
[WhiteFideId "14122286"]
[BlackFideId "35042025"]
[WhiteElo "2479"]
[BlackElo "2245"]
[Result "1-0"]
[Round "08"]
[TimeControl "180+1"]
[Date "2021.11.16"]
[WhiteClock "0:00:10"]
[BlackClock "0:00:07"]

1. g3 d5 2. Nf3 g6 3. Bg2 Bg7 4. d4 c6 5. O-O Nf6 6. c4 dxc4 7. Nc3 O-O 8. e4 b5 9. Qe2 Bb7 10. e5 Nd5 11. e6 f6 12. a4 Na6 13. axb5 Nxc3 14. bxc3 cxb5 15. h4 Nc7 16. h5 Bd5 17. hxg6 hxg6 18. Nh4 g5 19. Nf5 Bxg2 20. Kxg2 Qd5+ 21. Qf3 Qxf3+ 22. Kxf3 Nxe6 23. Re1 Kf7 24. d5 Nc5 25. Rxe7+ Kg6 26. Nxg7 Nb3 27. Rb1 Rfd8 28. g4 Rxd5 29. Nf5 Rg8 30. Rxa7 Rxf5+ 31. gxf5+ Kxf5 32. Be3 Rd8 33. Rb7 Rd5 34. Rh1 Ke6 35. Rhh7 Rd3 36. Rhe7+ Kf5 37. Rxb5+ Kg6 38. Kg2 Rxc3 39. Rbb7 Rc2 40. Rg7+ Kf5 41. Rgc7 c3 42. Rxb3 g4 43. Rbxc3 Ra2 44. R7c5+ Kg6 45. Kg3 Ra4 46. R3c4 Ra2 47. Rxg4+ Kf7 48. Rh5 Ke6 49. Re4+ Kf7 50. Kf3 Kg6 51. Rh6+ Kf5 52. Reh4 Ra3 53. R4h5+ Ke6 54. Rg6 Kf7 55. Rhh6 Ra6 56. Bd4 Ke6 57. Rxf6+ Kd5 58. Rxa6 1-0


[Site "https://www.chess.com"]

[Event "Titled Tuesday Blitz November 16 2021"]
[White "Tsvetkov, Andrey"]
[Black "Gubajdullin, Alexei"]
[WhiteFideId "34139360"]
[BlackFideId "4141202"]
[WhiteElo "2280"]
[BlackElo "2268"]
[Result "1-0"]
[Round "08"]
[TimeControl "180+1"]
[Date "2021.11.16"]
[WhiteClock "0:00:02"]
[BlackClock "0:00:01"]

1. d4 Nf6 2. c4 g6 3. Nc3 Bg7 4. e4 d6 5. Be2 O-O 6. Nf3 Na6 7. Be3 e5 8. O-O c6 9. d5 Ng4 10. Bg5 f6 11. Bh4 c5 12. Ne1 h5 13. Nd3 Nb4 14. Bg3 Nxd3 15. Qxd3 f5 16. exf5 gxf5 17. f3 h4 18. fxg4 e4 19. Nxe4 fxe4 20. Qxe4 hxg3 21. Bd3 gxh2+ 22. Kh1 Qh4 23. Rxf8+ Bxf8 24. Rf1 Bd7 25. Qg6+ Bg7 26. Qf7+ Kh8 27. Qxd7 Rf8 28. Bf5 Be5 29. Qe6 Kg7 30. Qg6+ Kh8 31. Qe6 Qf6 32. Qd7 Qg7 33. Qa4 a6 34. Rf3 Rf6 35. Qe8+ Rf8 36. Qh5+ Kg8 37. Be6+ 1-0


[Site "https://www.chess.com"]

[Event "Titled Tuesday Blitz November 16 2021"]
[White "Tsydypov, Zhamsaran"]
[Black "Xiong, Jeffery"]
[WhiteFideId "4108566"]
[BlackFideId "2047640"]
[WhiteElo "2614"]
[BlackElo "2699"]
[Result "1/2-1/2"]
[Round "08"]
[TimeControl "180+1"]
[Date "2021.11.16"]
[WhiteClock "0:00:11"]
[BlackClock "0:00:10"]

1. e4 c5 2. Nf3 d6 3. d4 cxd4 4. Nxd4 Nf6 5. Nc3 a6 6. h3 e5 7. Nde2 h5 8. Nd5 Nxd5 9. Qxd5 Nc6 10. Qd1 Be6 11. Nc3 Ne7 12. Bd3 g6 13. Bg5 Bh6 14. Bf6 O-O 15. g4 h4 16. Bxh4 Rc8 17. Qf3 Qb6 18. O-O Nc6 19. Rab1 Nd4 20. Qd1 Bf4 21. Nd5 Bxd5 22. exd5 g5 23. c3 gxh4 24. cxd4 Qxd4 25. Bf5 Rc5 26. Qxd4 exd4 27. Rbd1 Rxd5 28. Rd3 Re8 29. Rfd1 Re2 30. Rxd4 Rxd4 31. Rxd4 Be5 32. Rb4 b5 33. Bc8 a5 34. Rxb5 Bd4 35. Rf5 Rxb2 36. a4 Kg7 37. Ba6 f6 38. Kg2 Be5 39. Bb5 d5 40. Kf1 Rb3 41. f4 Bb8 42. Rxd5 Bxf4 43. Bd3 Ra3 44. Rd7+ Kf8 45. Ke2 Rxa4 46. Kf3 Bg5 47. Ra7 Ra3 48. Ke4 Ke8 49. Kd4 Kd8 50. Kc4 Kc8 51. Be4 Rxh3 52. Rxa5 Re3 53. Kd5 h3 54. Ra4 Kc7 55. Rc4+ Kb6 56. Rc2 Ka5 57. Rh2 Kb4 58. Rf2 Bh4 59. Rf3 Rxf3 60. Bxf3 Bg5 61. Kd4 Kb3 62. Kd3 Kb4 63. Ke2 Kc4 64. Kf2 Kd4 65. Kg3 Ke3 66. Bh1 h2 67. Kxh2 Kf4 68. Kh3 Ke5 69. Bg2 Kd6 70. Bh1 Ke7 71. Bg2 Kf8 72. Bh1 Kg7 73. Bg2 1/2-1/2


[Site "https://www.chess.com"]

[Event "Titled Tuesday Blitz November 16 2021"]
[White "Weetik, Vjacheslav"]
[Black "Zhigalko, Sergei"]
[WhiteFideId "4153472"]
[BlackFideId "13502956"]
[WhiteElo "2469"]
[BlackElo "2662"]
[Result "1-0"]
[Round "08"]
[TimeControl "180+1"]
[Date "2021.11.16"]
[WhiteClock "0:00:15"]
[BlackClock "0:00:01"]

1. d4 Nf6 2. Nf3 e6 3. Bg5 h6 4. Bh4 b6 5. Nbd2 Bb7 6. e3 Be7 7. Bd3 O-O 8. O-O d6 9. Re1 Nbd7 10. a4 a6 11. c3 Re8 12. Qc2 c5 13. h3 Nh5 14. Bxe7 Qxe7 15. b4 Rac8 16. Qb2 Nhf6 17. bxc5 dxc5 18. e4 Rc7 19. d5 Rb8 20. c4 e5 21. Nf1 Ne8 22. Ne3 Nd6 23. Nf5 Qf6 24. a5 Bc8 25. axb6 Rxb6 26. Qc3 Rb4 27. Ra5 Nxf5 28. exf5 e4 29. Qxf6 Nxf6 30. Bxe4 Rxc4 31. Bd3 Rb4 32. d6 Rd7 33. Bxa6 Bxa6 34. Rxa6 Rd8 35. Re7 Rb1+ 36. Kh2 1-0


[Site "https://www.chess.com"]

[Event "Titled Tuesday Blitz November 16 2021"]
[White "Yanchenko, Roman"]
[Black "Drygalov, Andrey"]
[WhiteFideId "4137329"]
[BlackFideId "24171735"]
[WhiteElo "2514"]
[BlackElo "2540"]
[Result "1/2-1/2"]
[Round "08"]
[TimeControl "180+1"]
[Date "2021.11.16"]
[WhiteClock "0:00:10"]
[BlackClock "0:00:05"]

1. d4 Nf6 2. c4 e6 3. Nf3 d5 4. Nc3 c6 5. cxd5 exd5 6. Bg5 Be7 7. e3 Bf5 8. Bd3 Bxd3 9. Qxd3 Nbd7 10. O-O O-O 11. Bf4 Re8 12. Rab1 Nf8 13. b4 Bd6 14. Be5 a6 15. a4 Ng6 16. Bg3 Ne4 17. Rfc1 Bxg3 18. hxg3 b5 19. Nd2 Nd6 20. Nb3 Nc4 21. Nc5 Nf8 22. Ra1 Ne6 23. axb5 axb5 24. Ne2 Qf6 25. Nxe6 Qxe6 26. Nf4 Qe7 27. Qc3 Ra4 28. Nd3 Rea8 29. Nc5 Ra3 30. Qe1 g6 31. Rxa3 Rxa3 32. Ra1 Qa7 33. Rxa3 Qxa3 34. Nb7 Kg7 35. Kh2 Qb2 36. Na5 Nxa5 37. bxa5 Qa3 38. Qd2 b4 39. a6 b3 40. Qc3 Qxa6 41. Qxb3 Qe2 42. Qc3 Qxf2 43. Qxc6 Qf5 44. Qd6 h5 45. Kg1 Qe4 46. Kf2 g5 47. Qc7 Kg6 48. Qc6+ Kg7 49. Qc7 Qf5+ 50. Kg1 Qe6 51. Kf2 Kg6 52. Qb8 Kg7 53. Qc7 Qf6+ 54. Kg1 Qf5 55. Qc3 Qg4 56. Kh2 h4 57. gxh4 Qxh4+ 58. Kg1 Qe4 59. Qd2 Kg6 60. Qf2 f5 61. Qf3 f4 62. Qxe4+ dxe4 63. Kf2 Kf5 64. g3 f3 65. Kf1 Ke6 66. Ke1 Kd5 67. g4 Kc4 68. Kd2 Kd5 69. Ke1 Kd6 70. Kf2 Ke6 71. Kf1 Kd6 72. Kf2 Kc6 73. Kf1 Kd5 74. Kf2 Kc4 75. Kf1 Kd5 76. Kf2 Kc6 77. Kf1 Kb5 78. Kf2 Kc4 79. Kf1 Kd5 1/2-1/2


[Site "https://www.chess.com"]